 Dungeon Crawl Stone Soup version 0.29-a0-416-g83a48905f1 (webtiles) character file.

Game seed: 270279765519607242

259 hquester the Schismatic (level 5, -10/42 HPs)
             Began as a Demonspawn Abyssal Knight on May 16, 2022.
             Was an Elder of Lugonu.
             Mangled by Crazy Yiuf
             ... wielding a +4 quarterstaff of chaos
              (17 damage)
             ... on level 2 of the Dungeon.
             The game lasted 00:08:25 (2715 turns).

hquester the Schismatic (Demonspawn Abyssal Knight) Turns: 2715, Time: 00:08:26

Health: -10/42     AC:  4    Str: 11    XL:     5   Next: 95%
Magic:  7/7        EV: 12    Int: 13    God:    Lugonu [****..]
Gold:   56         SH:  0    Dex: 14    Spells: 7/7 levels left

rFire   . . .      SeeInvis .   k - +1 short sword (protect)
rCold   . . .      Faith    .   (no shield)
rNeg    . . .      Spirit   .   b - +1 leather armour
rPois   .          Reflect  .   (no helmet)
rElec   .          Harm     .   (no cloak)
rCorr   .          Rampage  .   (no gloves)
Will    .....                   (no boots)
Stlth   ++........              a - amulet of regeneration
HPRegen 0.94/turn               (no ring)
MPRegen 0.10/turn               (no ring)

@: mighty, lethally poisoned (-10 -> -11), invisible
A: demonic guardian 1, ignite blood 1, weak 1
a: Renounce Religion, Depart the Abyss, Bend Space, Banish, Corrupt


You were on level 2 of the Dungeon.
You worshipped Lugonu.
Lugonu was greatly pleased with you.
You visited 1 branch of the dungeon, and saw 2 of its levels.
You visited the Abyss 1 time.

You collected 56 gold pieces.

Inventory:

Hand Weapons
 k - a +1 short sword of protection (weapon)
Armour
 b - a +1 leather armour (worn)
 d - a +0 plate armour
 o - a +0 ring mail
Jewellery
 a - an amulet of regeneration (around neck)
 n - an amulet of magic regeneration
Scrolls
 f - a scroll of blinking {unknown}
 m - 2 scrolls of amnesia {unknown}
Potions
 e - 3 potions of flight
 h - a potion of haste
 i - 2 potions of invisibility
 l - a potion of heal wounds {unknown}


   Skills:
 + Level 3.7 Fighting
 + Level 2.7 Short Blades
 + Level 2.7 Armour
 + Level 2.1 Dodging
 + Level 1.7 Stealth
 + Level 1.5 Spellcasting
 + Level 3.7 Invocations


You had 7 spell levels left.
You didn't know any spells.
Your spell library was empty.

Dungeon Overview and Level Annotations

Branches:
Dungeon (2/15)

Altars:

Shops:
D:1 (

Annotations:
D:2 Crazy Yiuf


Innate Abilities, Weirdness & Mutations

A weak demonic guardian rushes to your aid.
Your demonic aura sometimes causes spilled blood to erupt in flames.
You are weak. (Str -2)


Message History

You swap places.
You feel very sick.
Crazy Yiuf screams, "Ghoul light Xom!"
Crazy Yiuf closely misses your ufetubus.
Your ufetubus barely misses Crazy Yiuf.
Your ufetubus hits Crazy Yiuf but does no damage.
You feel sick.
Your ufetubus hits Crazy Yiuf but does no damage.
Your ufetubus hits Crazy Yiuf.
Crazy Yiuf hits your ufetubus with a +4 quarterstaff of chaos!
Your ufetubus dies!
Your ufetubus disappears in a puff of smoke!
You feel sick.
You hit Crazy Yiuf.
Crazy Yiuf is moderately wounded.
You feel sick. Crazy Yiuf hits you but does no damage.
You are more poisoned.
You fade into invisibility!
You feel very sick. Crazy Yiuf hits you but does no damage.
You feel very sick.
You feel sick.
You feel sick.
You feel sick.
You feel sick.
You feel sick.
You open the door.
You feel sick.
Crazy Yiuf hits you with a +4 quarterstaff of chaos.
* * * LOW HITPOINT WARNING * * *
You feel very mighty all of a sudden.
It was a potion of magic.
Magic courses through your body.
You feel sick.
Crazy Yiuf hits you with a +4 quarterstaff of chaos.
* * * LOW HITPOINT WARNING * * *
You are more poisoned.
Unknown command.
It was a potion of mutation.
You feel extremely strange.
You feel weaker.
You feel sick.
Crazy Yiuf hits you with a +4 quarterstaff of chaos!
You die...

#.# #.#
#.#.#####
#|# #.#
#.#......
#.# #.#
#.#######
#.# #.#
#.# # #.#
##### #.#
# #.#
##...###.#
# #.#
#........#
#.#
#+..'###.#
#### #.#
#...@# #.#
#... #.#
♣..g.♣ #†#
#.## #.#
♣♣P..♣ #.#
#.# #.#
♣♣.♣♣ #.#
######.#
#.######
♣♣.♣ #.##
#...<#.#
#......#
♣.♣♣ #..#
#.####.##
########
♣♣.♣ ####
#.# #...
♣.♣♣
#.#######
#'#
#........


You could see Crazy Yiuf (can't see you).

Vanquished Creatures
  A black bear (D:2)
  Natasha (thrice) (D:2)
  Robin (D:2)
  2 adders (D:2)
  A dart slug (D:1)
  3 bats
  5 endoplasms
  A giant cockroach (D:1)
  10 goblins
  5 hobgoblins (D:2)
  2 jackals (D:1)
  2 quokkas
  6 ball pythons
  4 frilled lizards (D:1)
  6 kobolds
  5 rats
57 creatures vanquished.

Vanquished Creatures (collateral kills)
  An endoplasm (D:1)
  3 goblins (D:2)
  A kobold (D:1)
  A bat (D:2)
  A frilled lizard (D:1)
  A rat (D:2)
8 creatures vanquished.

Grand Total: 65 creatures vanquished

Notes
Turn   | Place    | Note
-------+----------+-------------------------------------------
     0 | Abyss:1  | hquester the Demonspawn Abyssal Knight began the quest for
                  | the Orb.
     0 | Abyss:1  | Reached XP level 1. HP: 18/18 MP: 2/2
    22 | D:1      | Escaped the Abyss
   225 | D:1      | Found Coid's Weapon Shop.
   242 | D:1      | Reached skill level 1 in Dodging
   532 | D:1      | Gained mutation: A weak demonic guardian rushes to your
                  | aid. [demonic ancestry]
   532 | D:1      | Reached XP level 2. HP: 22/24 MP: 4/4
  1506 | D:1      | Reached XP level 3. HP: 27/29 MP: 5/5
  1774 | D:2      | Reached *** piety under Lugonu
  1946 | D:2      | Noticed Natasha
  1962 | D:2      | Killed Natasha
  1963 | D:2      | Gained mutation: Your demonic aura sometimes causes spilled
                  | blood to erupt in flames. [demonic ancestry]
  1963 | D:2      | Reached XP level 4. HP: 32/35 MP: 6/6
  1977 | D:2      | Noticed a black bear
  1984 | D:2      | Killed a black bear
  1985 | D:2      | Reached skill level 1 in Stealth
  1985 | D:2      | Reached skill level 1 in Spellcasting
  1985 | D:2      | Reached XP level 5. HP: 40/41 MP: 7/7
  2069 | D:2      | Noticed Natasha
  2078 | D:2      | Killed Natasha
  2254 | D:2      | Noticed Robin
  2271 | D:2      | Killed Robin
  2348 | D:2      | Noticed Natasha
  2362 | D:2      | Killed Natasha
  2369 | D:2      | Reached **** piety under Lugonu
  2692 | D:2      | Found a runed translucent door.
  2693 | D:2      | Noticed Crazy Yiuf
  2715 | D:2      | Gained mutation: You are weak. (Str -2) [potion of
                  | mutation]
  2715 | D:2      | Mangled by Crazy Yiuf

Illustrated notes

Levels and vault maps discovered:
D:1:      lemuel_arrival_hallway, layout_basic, serial_shops,
          nicolae_shop_waterfront
D:2:      layout_basic, uniq_natasha, uniq_robin, uniq_crazy_yiuf_cottage

Skill      XL: |  1  2  3  4  5 |
---------------+----------------+-----
Dodging        | 1 2 |  2.1
Armour         | 2 |  2.7
Short Blades   | 2 |  2.7
Invocations    | 3 |  3.7
Stealth        | 1 |  1.7
Spellcasting   | 1 |  1.5
Fighting       | |  3.7

Action                   |  1- 3 |  4- 6 || total
-------------------------+-------+-------++-------
Melee: Short sword       |   121 |    92 ||   213
       Punch             |     1 |       ||     1
  Use: Scroll            |     3 |     1 ||     4
       Potion            |       |     3 ||     3
 Stab: Sleeping          |     1 |       ||     1
Armor: Leather armour    |    59 |    43 ||   102
Dodge: Dodged            |   106 |    65 ||   171

Table legend: (Time is in decaauts)
 A = Elapsed time spent in this place.
 B = Non-inter-level travel time spent in this place.
 C = Inter-level travel time spent in this place.
 D = Time resting spent in this place.
 E = Time spent auto-exploring this place.
 F = Levels seen in this place.
 G = Mean time per level.
                   A        B        C        D        E       F      G
               +--------+--------+--------+--------+--------+-----+--------+
         Total |   2711 |   2681 |     30 |    157 |   1939 |   3 |  903.7 |
       Dungeon |   2689 |   2659 |     30 |    157 |   1926 |   2 | 1344.5 |
         Abyss |     22 |     22 |      0 |      0 |     13 |   1 |   22.0 |
               +--------+--------+--------+--------+--------+-----+--------+

Top non-repeatable levels by time:
     D:1: 1671 daAuts
     D:2: 1017 daAuts
 Abyss:1: 22 daAuts
